[Event "Late-Titled-Tuesday-Blitz-March-19-2024"]
[Site "Chess.com"]
[Date "2024.03.19"]
[Round "6"]
[White "FabianoCaruana"]
[Black "dretch"]
[Result "1/2-1/2"]
[WhiteElo "3080"]
[BlackElo "2902"]
[TimeControl "180+1"]
[EndTime "15:06:05 PDT"]
[Termination "Game drawn by repetition"]

1. e4 e6 2. d4 d5 3. Nc3 Nf6 4. e5 Nfd7 5. f4 c5 6. Nf3 Nc6 7. Ne2 b5 8. Be3 b4 9. h4 Ba6 10. h5 Qb6 11. c3 bxc3 12. bxc3 Rb8 13. Kf2 Qb2 14. g4 cxd4 15. cxd4 Ba3 16. Kg3 O-O 17. Rh2 f6 18. Rc1 Qb6 19. Rc3 Bb4 20. Rb3 Bc4 21. h6 Bxb3 22. axb3 g6 23. exf6 Nxf6 24.
Ng5 e5 25. Rf2 Rbe8 26. Bg2 exd4 27. Bxd4 Nxd4 28. Nxd4 Bc5 29. Rd2 Re3+ 30. Kh4 Ne4 31. Bxe4 dxe4 32. Nde6 Rc3 33. Qe2 Be3 34. Ra2 Bxf4 35.
Nxf4 Rxf4 36. Qd2 Rcf3 37. Qd5+ Rf7 38. Nxf7 Rxf7 39. Qxe4 Qd8+ 40. g5 Rf5 41. Rg2 Qd6 42. Qe8+ Rf8 43. Qe3 Rf4+ 44. Rg4 Rf8 45. Rg3 Qb4+ 46.
Kh3 Qd6 47. Qe4 Qd7+ 48. Qg4 Rf5 49. Re3 a5 50. Qc4+ Rd5+ 51. Qg4 Rf5 52. Qc4+ Rd5+ 53. Qg4 Rf5 1/2-1/2

[Event "Late-Titled-Tuesday-Blitz-March-19-2024"]
[Site "Chess.com"]
[Date "2024.03.19"]
[Round "6"]
[White "Sacbutt"]
[Black "LangesNasenhaar"]
[Result "0-1"]
[WhiteElo "2320"]
[BlackElo "2531"]
[TimeControl "180+1"]
[EndTime "15:06:06 PDT"]
[Termination "LangesNasenhaar won by resignation"]

1. e4 g6 2. c3 Bg7 3. d4 c6 4.
Bd3 d5 5. Nf3 dxe4 6. Bxe4 Nf6 7. Bc2 O-O 8. O-O Qc7 9. g3 Bg4 10. Qd3 Bf5 11. Qd1 Bxc2 12. Qxc2 c5 13. Bf4 Qb6 14. Nbd2 cxd4 15. Nxd4 Nd5 16. Ne2 e5 17. Nc4 Qe6 18. Bd2 Nc6 19. Ne3 Nb6 20. b3 Rad8 21.
Rad1 h6 22. Rfe1 f5 23. f4 e4 24. c4 Kh7 25. Bc3 a5 26. Bxg7 Kxg7 27. Qc3+ Qf6 28.
Qxf6+ Kxf6 29. Nc3 Nd4 30. Ncd5+ Nxd5 31. Nxd5+ Rxd5 32.
cxd5 Nf3+ 33. Kf2 Nxe1 34. Kxe1 Rc8 35. Rd2 Ke7 36. Ke2 Kd6 37. Ke3 Rc5 38. Rb2 Rxd5 39. b4 Rd3+ 40. Ke2 a4 41. b5 Kc5 42. b6 Rd6 43. Rc2+ Kxb6 44. Rc8 h5 45. Ra8 Kb5 46.
a3 Rd3 47. Rg8 Rxa3 48. Rxg6 Ra2+ 49. Ke3 a3 50. Rg5 Rxh2 51. Rxf5+ Kb4 52. Rf7 b5 53. Kxe4 a2 54. Ra7 Kb3 55. f5 b4 56. f6 Rf2 57. f7 Kb2 58. Ke5 b3 59. Ke6 a1=Q 60. Rxa1 Kxa1 61. g4 hxg4 0-1

[Event "Late-Titled-Tuesday-Blitz-March-19-2024"]
[Site "Chess.com"]
[Date "2024.03.19"]
[Round "6"]
[White "Aram7Adam"]
[Black "Mikasinski"]
[Result "0-1"]
[WhiteElo "2447"]
[BlackElo "2639"]
[TimeControl "180+1"]
[EndTime "15:06:07 PDT"]
[Termination "Mikasinski won by checkmate"]

1. e4 c5 2. Nf3 d6 3. d4 cxd4 4. Nxd4 Nf6 5. Nc3 a6 6. h4 Nc6 7. f3 g6 8. Be3 Bg7 9. Qd2 Nh5 10. g4 Ng3 11. Rg1 Nxf1 12. Rxf1 Ne5 13. Qe2 Qa5 14.
Nb3 Qc7 15. Nd5 Qc4 16. Na5 Qxe2+ 17. Kxe2 O-O 18. Nc7 Bd7 19. Nxa8 Bb5+ 20. Kf2 Bxf1 21. Rxf1 Rxa8 22. b3 b5 23. c4 bxc4 24. bxc4 Rb8 25. Rd1 Rb4 26. Kg3 Ra4 27. Bb6 Ra3 28. Rf1 Rxa2 29. g5 h5 30. Rb1 Nd7 31. Bd8 Kf8 32.
Nc6 Rc2 33. Bxe7+ Ke8 34. Bxd6 Rxc4 35. Nb8 Ne5 36. Nxa6 Rc6 37. Nb4 Rxd6 38. Nd5 Nd7 39. Ra1 Bxa1 40. Kf4 Be5+ 41. Ke3 Rxd5 42. exd5 Ke7 43.
f4 Bc7 44. Ke4 Nc5+ 45. Kd4 Bxf4 46. Kxc5 Bg3 47. Kc6 Bxh4 48. d6+ Kd8 49. d7 Bxg5 50. Kd5 Be7 51. Ke4 h4 52. Kf3 Kxd7 53. Kg4 Ke6 54. Kh3 Kf5 55. Kg2 Kg4 56. Kh2 Bd6+ 57. Kg2 g5 58. Kh1 f5 59. Kg2 f4 60. Kh1 Kf5 61. Kg2 g4 62. Kh1 Ke4 63. Kg2 Bc5 64. Kh1 h3 65. Kh2 Kf3 66. Kh1 Bf2 67. Kh2 Bh4 68. Kh1 g3 69. Kg1 Ke2 70. Kh1 f3 71. Kg1 f2+ 72.
Kh1 f1=Q# 0-1

[Event "Late-Titled-Tuesday-Blitz-March-19-2024"]
[Site "Chess.com"]
[Date "2024.03.19"]
[Round "6"]
[White "gorgeous1083"]
[Black "cristiano78"]
[Result "1/2-1/2"]
[WhiteElo "2063"]
[BlackElo "2244"]
[TimeControl "180+1"]
[EndTime "15:06:07 PDT"]
[Termination "Game drawn by repetition"]

1. d4 Nf6 2. c4 g6 3. Nc3 Bg7 4. e4 d6 5. Nf3 O-O 6. Be2 Nc6 7.
d5 Ne5 8. Nxe5 dxe5 9. Be3 e6 10.
O-O exd5 11. cxd5 Ne8 12. f3 Nd6 13. Rc1 a6 14. b4 f5 15. Qb3 h6 16. Na4 Kh7 17. Bc5 Bd7 18. Bxd6 cxd6 19. Nb2 Rc8 20. Nc4 Bb5 21. a4 Bxc4 22. Bxc4 Rf7 23. b5 Qb6+ 24. Kh1 Rfc7 25. Rc2 a5 26. Rfc1 h5 27. Bd3 Rxc2 28.
Rxc2 Rxc2 29. Qxc2 Qe3 30. Qd1 fxe4 31. Bxe4 Bh6 32.
g3 Kg7 33. Kg2 b6 34. Qc2 Qd2+ 35. Qxd2 Bxd2 36. h4 Kf6 37. g4 hxg4 38. fxg4 Be1 39. Kh3 Bd2 40. g5+ Kg7 41. Kg4 Bc1 42. h5 gxh5+ 43.
Kxh5 Bf4 44. Kg4 Kf7 45. Kf5 Bd2 46. g6+ Ke7 47. Bf3 Bh6 48. Bh5 Bg7 49. Bg4 Bh8 50. Kg5 Bg7 51. Bf5 Kd8 52. Be4 Ke7 53. Kf5 Bh8 54. Kg5 Bg7 55. Bf5 Kd8 56. Bg4 Ke7 57. Kf5 Bh8 58. Bh5 Bg7 59. Bg4 1/2-1/2

[Event "Late-Titled-Tuesday-Blitz-March-19-2024"]
[Site "Chess.com"]
[Date "2024.03.19"]
[Round "6"]
[White "malakismayil"]
[Black "RianKapriaga"]
[Result "1-0"]
[WhiteElo "2522"]
[BlackElo "2359"]
[TimeControl "180+1"]
[EndTime "15:06:08 PDT"]
[Termination "malakismayil won on time"]

1. e4 c6 2. d4 d5 3. Nc3 dxe4 4.
Nxe4 Bf5 5. Ng3 Bg6 6. h4 h6 7.
h5 Bh7 8. Nf3 Nd7 9. Bd3 Bxd3 10. Qxd3 e6 11. Bd2 Ngf6 12. O-O-O Be7 13. Ne4 Nxe4 14.
Qxe4 Nf6 15. Qe2 Qd5 16. c4 Qe4 17. Qxe4 Nxe4 18. Be3 f5 19. Kc2 Rd8 20. Kd3 Nf6 21.
Ne5 O-O 22. Ke2 Bd6 23. f3 a6 24. a4 Rc8 25. b3 Rfd8 26. Nd3 b5 27. axb5 axb5 28. c5 Be7 29. Nb4 Nd5 30. Nxd5 exd5 31. Ra1 Ra8 32. Kd3 Bf6 33. Bf4 Kf7 34. Be5 Bxe5 35.
dxe5 f4 36. Kd4 Ke6 37. Rhg1 Kf5 38. Rge1 Re8 39. Rxa8 Rxa8 40. e6 Re8 41. e7 Kf6 42. Ra1 Rxe7 43. Ra6 Rc7 44. Ra8 Kg5 45. Ke5 Rd7 46. Kd4 Kxh5 47. Rc8 g5 48. Rxc6 Rh7 49. Rd6 Kh4 50. c6 Kg3 51. Rd7 Rh8 52. c7 Rc8 53.
Kxd5 Kxg2 54. Kc6 Kxf3 55. b4 g4 56. Kxb5 g3 57. Kc6 g2 58. Rg7 h5 59. b5 h4 60.
b6 h3 61. b7 Rxc7+ 62. Kxc7 h2 63. b8=Q h1=Q 64. Qb7+ 1-0

[Event "Late-Titled-Tuesday-Blitz-March-19-2024"]
[Site "Chess.com"]
[Date "2024.03.19"]
[Round "6"]
[White "Sinquefield"]
[Black "jstopa4"]
[Result "1-0"]
[WhiteElo "2532"]
[BlackElo "2720"]
[TimeControl "180+1"]
[EndTime "15:06:09 PDT"]
[Termination "Sinquefield won on time"]

1. d4 Nf6 2. Nf3 g6 3. Bg5 Bg7 4. Nbd2 O-O 5. e3 c5 6. c3 b6 7.
Be2 Bb7 8. O-O d6 9. b4 Nbd7 10.
h3 h6 11. Bh4 Rc8 12. bxc5 dxc5 13. a4 Nd5 14. Qb3 g5 15. Bg3 e6 16. a5 Ra8 17. a6 Bc6 18. Nc4 f5 19. Bd6 Re8 20.
Nfe5 Nxe5 21. Nxe5 Qxd6 22. Nxc6 Qxc6 23. Bb5 Qc7 24.
Bxe8 Rxe8 25. Qc4 cxd4 26. Qxc7 Nxc7 27. cxd4 Nd5 28. Rfc1 Kf7 29. Rc6 Bf8 30. Rac1 Nb4 31. Rc7+ Re7 32. Rxe7+ Bxe7 33. Ra1 Nd5 34. Kf1 Bb4 35.
Ke2 Ba5 36. Rc1 Nc3+ 37. Kd3 Ke7 38. Rxc3 Bxc3 39. Kxc3 Kd6 40. Kb4 Kd5 41. Kb5 h5 42. f3 h4 43. e4+ fxe4 44. fxe4+ Kd6 45. Kb4 Kc6 46. Ka4 b5+ 47. Ka5 e5 48. dxe5 Kc5 49. e6 b4 50. e7 b3 51. e8=Q 1-0

[Event "Late-Titled-Tuesday-Blitz-March-19-2024"]
[Site "Chess.com"]
[Date "2024.03.19"]
[Round "6"]
[White "ritanovikova"]
[Black "PNEPaul"]
[Result "1-0"]
[WhiteElo "2209"]
[BlackElo "1985"]
[TimeControl "180+1"]
[EndTime "15:06:09 PDT"]
[Termination "ritanovikova won on time"]

1. e4 e5 2. Nf3 Nc6 3. Bc4 Be7 4. c3 Nf6 5. d4 Nxe4 6. dxe5 d5 7.
exd6 Nxd6 8. Be2 O-O 9. O-O f5 10. Bf4 h6 11. Na3 g5 12. Bxd6 Bxd6 13. Nc4 g4 14.
Nd4 Bd7 15. Nxd6 cxd6 16. Bc4+ Kh7 17. Nb5 Ne5 18. Be2 Bxb5 19. Bxb5 Qf6 20. Qd4 Rad8 21. Kh1 Qh4 22. f4 g3 23. h3 Ng4 24. Be2 Nf2+ 25.
Kg1 Nxh3+ 26. gxh3 Qxh3 27. Rf3 Qh2+ 28. Kf1 g2+ 29. Ke1 g1=Q+ 30. Rf1 Qxd4 31. cxd4 Rde8 32. Rf2 Qg1+ 33. Rf1 Qe3 34. Rf2 Re4 35. Rd1 Rfe8 36. Rd2 Qg3 37. Kf1 Rxf4 38. Rxf4 Qxf4+ 39. Ke1 Qg3+ 40. Kd1 f4 41. Bd3+ Kg7 42. Kc2 f3 43.
Bf1 f2 44. Rd3 Qf4 45. Rh3 Re1 46. Rh1 Qc1+ 47. Kb3 Qd1+ 48. Ka3 Qxd4 49. b3 1-0

[Event "Late-Titled-Tuesday-Blitz-March-19-2024"]
[Site "Chess.com"]
[Date "2024.03.19"]
[Round "6"]
[White "Harsha_Bharathakoti"]
[Black "DavidGavrilescu18"]
[Result "1-0"]
[WhiteElo "2950"]
[BlackElo "2764"]
[TimeControl "180+1"]
[EndTime "15:06:11 PDT"]
[Termination "Harsha_Bharathakoti won by resignation"]

1. Nf3 d5 2. g3 Nf6 3. Bg2 e6 4. O-O Be7 5. c4 O-O 6. b3 b6 7. cxd5 Nxd5 8. d4 Bb7 9. Bb2 Nd7 10. Nbd2 N5f6 11. Rc1 c5 12. Nc4 cxd4 13. Nxd4 Bxg2 14. Kxg2 Rc8 15. Qd3 Nc5 16. Qf3 Qd5 17. Rfd1 Rfd8 18.
Nb5 Qxf3+ 19. Kxf3 a6 20. Nbd6 Rc6 21. Bxf6 gxf6 22.
Ne4 Nxe4 23. Kxe4 Rdc8 24. Rd7 f5+ 25. Kf3 Bf6 26. Rcd1 Kf8 27. Rb7 R8c7 28. Rxc7 Rxc7 29.
Nxb6 Rc2 30. Nd7+ Ke7 31. Nxf6 Kxf6 32. a4 Rb2 33. Rd3 a5 34. h3 Ke5 35. g4 h6 36. e3 f6 37. Rc3 fxg4+ 38. hxg4 Kd5 39. Kg3 Rb1 40. Kf3 Rb2 41. Rc7 Rxb3 42. Ra7 Ra3 43.
Rxa5+ Kd6 44. Ra6+ Ke5 45. Ra5+ Kd6 46. Ra8 Ke5 47. a5 f5 48. gxf5 Kxf5 49. a6 Ra2 50. a7 Ke5 51. Kg4 Ke4 52. Kh5 Rxf2 53. Re8 Rh2+ 54.
Kg4 Ra2 55. a8=Q+ Rxa8 56. Rxa8 Kxe3 57. Re8 Kd4 58. Rxe6 Kd5 59. Rxh6 Ke5 60. Rh5+ 1-0

[Event "Late-Titled-Tuesday-Blitz-March-19-2024"]
[Site "Chess.com"]
[Date "2024.03.19"]
[Round "6"]
[White "katharinareinecke"]
[Black "David_ATM"]
[Result "1/2-1/2"]
[WhiteElo "1995"]
[BlackElo "2317"]
[TimeControl "180+1"]
[EndTime "15:06:12 PDT"]
[Termination "Game drawn by repetition"]

1. d4 d5 2. c4 c6 3. Nf3 Nf6 4. g3 Bf5 5. Bg2 e6 6. O-O h6 7.
Nc3 Ne4 8. Nd2 Nxd2 9. Bxd2 Be7 10. b3 Nd7 11. e3 Nf6 12. Rc1 Bd3 13. Re1 dxc4 14.
bxc4 Bxc4 15. a4 O-O 16. Ne4 Nxe4 17. Bxe4 Bd5 18. Bd3 c5 19. dxc5 Bc6 20. Bb5 Qd7 21. Bxc6 Qxc6 22. Bb4 Rfd8 23. Qb3 h5 24. Red1 h4 25.
Rxd8+ Rxd8 26. Qc4 Qxa4 27. gxh4 Rd1+ 28. Rxd1 Qxd1+ 29. Kg2 Qd5+ 30. Qxd5 exd5 31. h5 a6 32. f3 f5 33. c6 Bd8 34. cxb7 Bc7 35. Bc5 Bb8 36. Bb6 Kf7 37. f4 Ke6 38. Kf3 Kf7 39. Bd4 Kg8 40. Be5 Ba7 41. Bd6 Kh7 42. b8=Q Bxb8 43.
Bxb8 Kh6 44. Bd6 Kxh5 45. h3 Kh4 46. Kg2 a5 47. Be5 g6 48. Bb2 a4 49. Ba3 g5 50.
fxg5 Kxg5 51. Kf3 Kh4 52. Kg2 Kg5 53. Kg3 Kh5 54. h4 Kg6 55. Kh3 Kh5 56. Kg3 Kg6 57.
Kh3 Kh5 58. Kg3 1/2-1/2

[Event "Late-Titled-Tuesday-Blitz-March-19-2024"]
[Site "Chess.com"]
[Date "2024.03.19"]
[Round "6"]
[White "KorolDimitriy75"]
[Black "stregachess"]
[Result "1-0"]
[WhiteElo "2395"]
[BlackElo "2016"]
[TimeControl "180+1"]
[EndTime "15:06:15 PDT"]
[Termination "KorolDimitriy75 won on time"]

1. d4 Nf6 2. c4 e5 3. dxe5 Ne4 4. Nd2 Bb4 5. Nf3 Nc6 6. e3 O-O 7. Be2 Re8 8. O-O Nxd2 9. Bxd2 Bxd2 10. Qxd2 Nxe5 11.
Rfd1 Nxf3+ 12. Bxf3 Qe7 13. Rac1 d6 14. b4 Rb8 15.
Qd4 b6 16. Bc6 Rf8 17. h3 Bf5 18. a4 a5 19. bxa5 bxa5 20. c5 dxc5 21. Qxc5 Qf6 22. Qxa5 Rb2 23. Qc3 Qxc3 24. Rxc3 Ra2 25. Bb5 h5 26.
Rxc7 Be6 27. Bc4 Bxc4 28. Rxc4 Ra8 29. Rdd4 Ra1+ 30. Kh2 Ra2 31. f3 Ra6 32. Rd5 Rg6 33. Rc8+ Kh7 34. Rxh5+ Rh6 35. Rxh6+ Kxh6 36. Rc4 f5 37.
Kg3 Kg6 38. h4 Kf6 39. Rb4 Ra3 40. e4 fxe4 41. Rxe4 Ra2 42. Kh3 Kg6 43. g3 Ra3 44. Kg4 Kh6 45. Rb4 Ra2 46. f4 Ra3 47. Rb6+ Kh7 48.
Ra6 Ra1 49. h5 Ra3 50. Kh4 Ra1 51. g4 Rh1+ 52. Kg5 Rg1 53. Ra7 Ra1 54. h6 Kh8 55.
hxg7+ Kh7 56. f5 Rg1 57. f6 Rf1 58. Ra8 1-0

[Event "Late-Titled-Tuesday-Blitz-March-19-2024"]
[Site "Chess.com"]
[Date "2024.03.19"]
[Round "6"]
[White "HaryKane"]
[Black "KetiTsatsalashvili"]
[Result "1-0"]
[WhiteElo "2593"]
[BlackElo "2469"]
[TimeControl "180+1"]
[EndTime "15:06:16 PDT"]
[Termination "HaryKane won by checkmate"]

1. e4 c5 2. Nf3 d6 3. d4 cxd4 4. Nxd4 Nf6 5. Nc3 Nc6 6. Bc4 e6 7.
Bb3 a6 8. f3 Be7 9. Be3 Qc7 10.
Qd2 Bd7 11. g4 Ne5 12. O-O-O Nc4 13. Bxc4 Qxc4 14. Kb1 b5 15. g5 Nh5 16. Nce2 Rc8 17. Ng3 Nxg3 18. hxg3 b4 19. g4 a5 20. f4 a4 21. Rh2 d5 22. e5 a3 23. b3 Qc3 24.
Qxc3 Rxc3 25. Rd3 Rxd3 26. cxd3 O-O 27. f5 Rc8 28. f6 Bf8 29. Rc2 Rxc2 30. Nxc2 Bb5 31.
Ne1 h6 32. gxh6 gxf6 33. exf6 Kh7 34. g5 Kg6 35. Kc2 Bd6 36. Nf3 e5 37. Nh4+ Kh7 38. Nf5 Bf8 39. Ne7 e4 40. dxe4 dxe4 41. Bc5 Bd3+ 42.
Kc1 Bb5 43. Bxb4 e3 44. Bxa3 e2 45. Kd2 Bd3 46. Bb4 Ba6 47. a4 Bxh6 48. gxh6 Kxh6 49. Bc3 Kg5 50. b4 Bc4 51. b5 Kf4 52. b6 Ba6 53. Nd5+ Kf3 54. Nc7 Kf2 55. Kc1 Bd3 56. b7 e1=Q+ 57.
Bxe1+ Kxe1 58. b8=Q Be4 59. Qe8 Kf1 60. Qxe4 Kg1 61.
Qf5 Kh2 62. Qg5 Kh1 63. Kd2 Kh2 64. Ke3 Kh1 65. Kf2 Kh2 66. Qh5# 1-0

[Event "Late-Titled-Tuesday-Blitz-March-19-2024"]
[Site "Chess.com"]
[Date "2024.03.19"]
[Round "6"]
[White "Bala-Afiada"]
[Black "Janh4"]
[Result "1/2-1/2"]
[WhiteElo "1872"]
[BlackElo "2148"]
[TimeControl "180+1"]
[EndTime "15:06:17 PDT"]
[Termination "Game drawn by repetition"]

1. d4 d5 2. c4 e6 3. Nf3 Nf6 4.
g3 Be7 5. Qc2 O-O 6. Bg2 b6 7.
Ne5 Bb7 8. O-O c5 9. cxd5 exd5 10. Rd1 Nbd7 11. Nxd7 Qxd7 12. Nc3 Rac8 13. Qa4 Bc6 14.
Qb3 c4 15. Qc2 b5 16. a3 a5 17. Bf4 b4 18. axb4 axb4 19. Nb1 Ra8 20. Rxa8 Rxa8 21.
Nd2 Ra2 22. Qb1 Ra6 23. e4 c3 24. bxc3 bxc3 25. Qb8+ Bf8 26. Nb3 Qb7 27. Qxb7 Bxb7 28. e5 Nd7 29. Rc1 g6 30. Bh3 Nb6 31. Rxc3 Nc4 32.
Nc5 Ra1+ 33. Kg2 Bc6 34. Rc1 Rxc1 35. Bxc1 Nxe5 36. dxe5 Bxc5 37. f4 d4+ 38. Kf1 d3 39. Ke1 Be4 40. Kd2 Bb4+ 41. Ke3 Bf5 42. Bf1 d2 43.
Bxd2 Bc5+ 44. Ke2 Bg1 45. h3 Be4 46. Be3 Bxe3 47. Kxe3 Bd5 48. Bd3 Kg7 49. Kd4 Be6 50. Bc4 Bxh3 51. Kd5 Be6+ 52. Kd4 Bg4 53. Bd5 Bf5 54.
Be4 Be6 55. Bd5 Bf5 56. Be4 Be6 57. Bd5 Bf5 1/2-1/2

[Event "Late-Titled-Tuesday-Blitz-March-19-2024"]
[Site "Chess.com"]
[Date "2024.03.19"]
[Round "6"]
[White "bulletteemo"]
[Black "Balla_Tamas"]
[Result "0-1"]
[WhiteElo "2593"]
[BlackElo "2407"]
[TimeControl "180+1"]
[EndTime "15:06:19 PDT"]
[Termination "Balla_Tamas won by resignation"]

1. e4 c5 2. Nf3 Nc6 3. d4 cxd4 4. Nxd4 e5 5. Nb5 d6 6. c4 Be7 7. Be2 f5 8. exf5 Bxf5 9. O-O Nf6 10. Bg5 O-O 11.
Nd2 a6 12. Nc3 Nd4 13. Nf3 Nxe2+ 14. Qxe2 Bg4 15. Rad1 Nd7 16. Bxe7 Qxe7 17. Rd3 Nc5 18. Re3 Rae8 19. h3 Bh5 20. g4 Bg6 21. b4 Ne6 22.
Nd5 Qf7 23. c5 dxc5 24. Nxe5 Nd4 25. Nxf7 Nxe2+ 26. Kh2 Rxe3 27. Nxe3 Rxf7 28. bxc5 Be4 29. Nc4 Bc6 30. Ne5 Rf6 31. f3 Nd4 32. Kg3 Re6 33.
f4 Ne2+ 34. Kh2 Nd4 35. Kg3 g5 36. Nxc6 gxf4+ 37. Kxf4 Nxc6 38. Rd1 Kf7 39. a3 Re5 40. Rd7+ Re7 41. Rd6 Ne5 42. h4 Ng6+ 43. Kg3 Re3+ 44. Kf2 Rxa3 45. Rd7+ Kf6 46. h5 Ne5 47. Rxh7 Nxg4+ 48. Ke2 Rb3 49. Rh8 Kg5 50. Kd2 Rh3 51. Rh7 Rb3 52.
Kc2 Rb5 53. Kd3 Rxc5 54. Rxb7 Kxh5 55. Kd4 Rg5 56. Rh7+ Kg6 57. Ra7 a5 58. Ra6+ Kh5 59. Kc4 Ne5+ 60. Kb3 Nd7 61. Ka4 Nc5+ 0-1

[Event "Late-Titled-Tuesday-Blitz-March-19-2024"]
[Site "Chess.com"]
[Date "2024.03.19"]
[Round "6"]
[White "jodarmarlon1985"]
[Black "zverr1"]
[Result "0-1"]
[WhiteElo "2284"]
[BlackElo "2536"]
[TimeControl "180+1"]
[EndTime "15:06:19 PDT"]
[Termination "zverr1 won by resignation"]

1. e4 c5 2. Nf3 e6 3. d4 cxd4 4.
Nxd4 Nf6 5. Nc3 Nc6 6. Ndb5 Bc5 7. Bf4 O-O 8. Bd6 Bxd6 9. Qxd6 Ne8 10. Qd2 Qe7 11.
O-O-O a6 12. Nd6 Nxd6 13. Qxd6 Qxd6 14. Rxd6 f6 15. Be2 Kf7 16. Rhd1 Ke7 17. Na4 b5 18. Nb6 Ra7 19. f4 Rb7 20. Nxc8+ Rxc8 21. Bf3 Rbc7 22. Kb1 b4 23. Be2 a5 24. Bb5 Nb8 25. Ba4 Rc4 26.
e5 Rxf4 27. Bxd7 Rd8 28. Bb5 Rxd6 29. exd6+ Kd8 30. b3 Nd7 31. Re1 e5 32. Re3 Rd4 33. Rh3 Nf8 34. d7 h6 35. Rg3 g5 36. c3 bxc3 37.
Rxc3 Nxd7 38. Rc6 Ke7 39. Ra6 Nc5 40. Rxa5 Ne4 41. Ra7+ Kd6 42. Be8 Rd2 43. Rd7+ Kc5 44. Rxd2 Nxd2+ 45. Kc2 Nf1 46. Kc3 Nxh2 47. b4+ Kb6 48.
a4 Ng4 49. a5+ Ka6 50. Bh5 f5 51. Bxg4 fxg4 52. Kd3 h5 53. Ke4 h4 54. Ke3 h3 55.
gxh3 gxh3 56. Kf3 g4+ 57. Kg3 e4 58. Kxg4 h2 59. Kf4 h1=Q 60. Ke3 Qf3+ 61. Kd4 Qd3+ 62. Kc5 Qb5+ 63. Kd4 Qxb4+ 64. Ke3 Kxa5 65. Kf4 Kb5 66. Ke3 Kc5 67. Kf4 Kd5 68. Ke3 Ke5 0-1

[Event "Late-Titled-Tuesday-Blitz-March-19-2024"]
[Site "Chess.com"]
[Date "2024.03.19"]
[Round "6"]
[White "Fonsofan"]
[Black "Alex_Banzea"]
[Result "1-0"]
[WhiteElo "2736"]
[BlackElo "2584"]
[TimeControl "180+1"]
[EndTime "15:06:20 PDT"]
[Termination "Fonsofan won on time"]

1. b4 e5 2. Bb2 Bxb4 3. Bxe5 Nf6 4. c4 Nc6 5. Bc3 d5 6. Bxb4 Nxb4 7. Qa4+ Nc6 8. cxd5 Qxd5 9. Nc3 Qd4 10. Qxd4 Nxd4 11. O-O-O c5 12. e3 Nc6 13. Bb5 Bd7 14.
Nf3 a6 15. Bxc6 Bxc6 16. Ne5 Rc8 17. Nxc6 Rxc6 18. a4 O-O 19. Kc2 Rd8 20. f3 b6 21.
Rb1 Nd5 22. Nxd5 Rxd5 23. d3 f5 24. Kc3 Rcd6 25. Rhd1 Kf7 26. Rd2 Ke7 27. d4 cxd4+ 28. exd4 Kd7 29. Rb4 Re6 30. Kd3 f4 31. Re2 Rxe2 32.
Kxe2 Kc6 33. Kd3 Rg5 34. Rb2 Kd5 35. Rxb6 Rxg2 36. Rxa6 Rxh2 37. Ra5+ Kd6 38. Ke4 Re2+ 39. Kxf4 Re7 40. Re5 Rf7+ 41. Ke4 h6 42. a5 g5 43. a6 Ra7 44. Ra5 Re7+ 45. Kf5 Ra7 46. Kg6 Kc6 47. Kxh6 Kb6 48. Ra1 Kb5 49. Kxg5 Kc4 50.
Ra4+ Kd5 51. f4 Ke6 52. f5+ Kf7 53. Ra5 Ra8 54. a7 Ke7 55. f6+ Kf7 56. Kf5 Rd8 57. d5 Ra8 58. Ke5 Kf8 59. Ke6 Re8+ 60. Kd7 Ra8 61.
Kc7 Kf7 62. Ra6 1-0

[Event "Late-Titled-Tuesday-Blitz-March-19-2024"]
[Site "Chess.com"]
[Date "2024.03.19"]
[Round "6"]
[White "MagnusCarlsen"]
[Black "mitrabhaa"]
[Result "1-0"]
[WhiteElo "3265"]
[BlackElo "3063"]
[TimeControl "180+1"]
[EndTime "15:06:21 PDT"]
[Termination "MagnusCarlsen won on time"]

1. d4 Nf6 2. Bf4 b6 3. Nc3 Bb7 4. f3 d5 5. Nb5 Na6 6. g4 e6 7. e3 c6 8. Nc3 Bd6 9. Qd2 Qe7 10. O-O-O Nc7 11. Bxd6 Qxd6 12. e4 dxe4 13. fxe4 Qe7 14. g5 Nd7 15. Nf3 O-O-O 16. h4 h6 17. Bh3 hxg5 18.
hxg5 Kb8 19. Qf4 Nf8 20. Ne5 f6 21. gxf6 gxf6 22. Ng4 Nd7 23. Ne3 e5 24. Qf2 exd4 25. Rxd4 Ne5 26. Nf5 Qc5 27. Rxd8+ Rxd8 28. Qxc5 bxc5 29.
Bf1 Bc8 30. Ne3 Ne6 31. Rh6 Rf8 32. Na4 Kc7 33. b3 Bd7 34. Kb2 Be8 35. Nc4 Ng4 36. Rh4 Ne5 37. Nxe5 fxe5 38. Bc4 Nd4 39. Rh7+ Kd6 40. Rh6+ Kc7 41. Nxc5 Rf2 42. Ne6+ Kb6 43.
Bd3 Nf3 44. Rf6 Bh5 45. Nd8 Kc7 46. Nxc6 Rh2 47. Nxa7 Ne1 48. Nb5+ Kd7 49. Kc3 Bd1 50. Na3 Ke7 51. Rf1 Nxd3 52. cxd3 Rxa2 53. Nc4 Rc2+ 54.
Kb4 Be2 55. Rf5 Bxd3 56. Rxe5+ Kf6 57. Re8 1-0

[Event "Late-Titled-Tuesday-Blitz-March-19-2024"]
[Site "Chess.com"]
[Date "2024.03.19"]
[Round "6"]
[White "yosephtaher"]
[Black "kids2010"]
[Result "0-1"]
[WhiteElo "2949"]
[BlackElo "2789"]
[TimeControl "180+1"]
[EndTime "15:06:22 PDT"]
[Termination "kids2010 won by resignation"]

1. d4 d5 2. Nc3 Nf6 3. Bf4 g6 4.
e3 Bg7 5. h4 O-O 6. h5 c5 7.
hxg6 hxg6 8. Nf3 Qb6 9. Nb5 Na6 10. c3 Bd7 11. a4 c4 12. b3 Bxb5 13. axb5 Qxb5 14. bxc4 dxc4 15. Ne5 Rac8 16. Ra4 Nd5 17. Rxc4 Qa5 18. Qa4 Qxa4 19. Rxa4 Rxc3 20. Ra1 Nab4 21. Rxa7 Nxf4 22. exf4 Rd8 23. Rxb7 Bxe5 24. fxe5 Nc2+ 25. Kd2 Rcc8 26. Rxe7 Nxd4 27. Bd3 Nb3+ 28. Ke2 Nd4+ 29. Ke3 Rc3 30. Ke4 Nc6 31. Rc7 Rd4+ 32. Ke3 Rcxd3+ 33. Ke2 Nxe5 34. g3 Rd2+ 35. Kf1 Rd1+ 36. Kg2 Rxh1 37.
Kxh1 Nd7 38. Kg2 Rd6 39. f4 Nf6 40. Kf3 Rd3+ 41. Kg2 Ne4 42. g4 Rg3+ 43. Kh2 Rxg4 44. Rc4 Nf6 45. Kh3 Kg7 46. Kh2 g5 47. Kh3 Rxf4 48. Rc5 Kg6 49. Rc8 Rf3+ 50. Kg2 Rd3 51. Kf2 Kf5 52. Ke2 Rd5 53. Rc4 Ne4 54. Ke3 Nd6 55. Rc7 f6 56. Kf3 Rd3+ 57. Ke2 Ra3 58. Kf2 Ne4+ 59. Ke2 Kf4 60. Rc2 Ra2 61. Rxa2 Nc3+ 0-1

[Event "Late-Titled-Tuesday-Blitz-March-19-2024"]
[Site "Chess.com"]
[Date "2024.03.19"]
[Round "6"]
[White "CristianS27"]
[Black "diamonds13"]
[Result "1-0"]
[WhiteElo "2522"]
[BlackElo "2362"]
[TimeControl "180+1"]
[EndTime "15:06:25 PDT"]
[Termination "CristianS27 won by resignation"]

1. e4 c5 2. Nf3 Nc6 3. d4 cxd4 4.
Nxd4 Nf6 5. Nc3 e6 6. Ndb5 Bc5 7. Nd6+ Ke7 8. Nc4 d5 9. exd5 exd5 10. Nd2 Re8 11. Be2 Kf8 12. O-O d4 13. Ncb1 d3 14.
Bxd3 Ng4 15. Nf3 Qb6 16. Qd2 Nd4 17. Nxd4 Bxd4 18. Nc3 Qd6 19. g3 Ne5 20. Be4 Bh3 21. Nb5 Qc5 22. Nxd4 Bxf1 23. Kxf1 Nc4 24. Qd3 Rad8 25. c3 Ne5 26. Qe2 Nd7 27. Qf3 Nf6 28. Bf5 Rxd4 29. cxd4 Qc4+ 30. Bd3 Qb4 31. Bg5 Qxb2 32.
Re1 Rxe1+ 33. Kxe1 Qa1+ 34. Qd1 Qxd4 35. Bxf6 Qxf6 36.
Qb3 Qe7+ 37. Kf1 g6 38. Qc4 b6 39. Be4 Kg7 40. Bd5 f6 41. Kg2 h6 42. a4 h5 43. Qc6 g5 44. h3 h4 45. gxh4 gxh4 46.
Qb7 Qxb7 47. Bxb7 Kf8 48. Kf3 Ke7 49. Kg4 Kd6 50. Kxh4 Kc7 51. Bd5 Kd6 52. Bf7 Kc5 53.
Kg4 Kb4 54. Be8 a6 55. h4 Kc5 56. h5 Kd6 57. Kf5 Ke7 58. Bc6 Kf7 59. h6 a5 60.
Bd5+ Kf8 61. Kg6 1-0

[Event "Late-Titled-Tuesday-Blitz-March-19-2024"]
[Site "Chess.com"]
[Date "2024.03.19"]
[Round "6"]
[White "protectiago"]
[Black "Felix-Rose"]
[Result "1-0"]
[WhiteElo "2077"]
[BlackElo "2254"]
[TimeControl "180+1"]
[EndTime "15:06:25 PDT"]
[Termination "protectiago won on time"]

1. d4 d5 2. c4 e6 3. g3 Nf6 4. Nf3 Be7 5. Bg2 O-O 6. Nbd2 c5 7. cxd5 Nxd5 8. e4 Nb4 9. O-O cxd4 10. Nb3 d3 11. Bd2 N8c6 12. Bc3 Bf6 13. e5 Be7 14. Qd2 Qd7 15. Rad1 Rd8 16. Ne1 Nxa2 17. Nxd3 Nxc3 18.
Qxc3 a5 19. Ndc5 Qxd1 20. Rxd1 Rxd1+ 21. Bf1 b6 22. Ne4 Nb4 23. Nbd2 Ba6 24. Kg2 Bxf1+ 25. Nxf1 Rad8 26. Ne3 R1d3 27. Qc7 Bc5 28. Ng4 R3d7 29. Nef6+ gxf6 30. Nxf6+ Kg7 31. Nxd7 Ra8 32. Nxc5 Nd5 33. Qc6 bxc5 34. Qxa8 Nb4 35. Qxa5 Nd3 36. Qc3 Nb4 37. Qxc5 Nd5 38. Qd6 h5 39. b4 Kg6 40. b5 Kf5 41. b6 f6 42. b7 fxe5 43. b8=Q h4 44.
Qbf8+ Ke4 45. Qf3+ Kd4 46. Qxe6 h3+ 47. Kxh3 Nf4+ 48.
gxf4 exf4 49. Qee4+ Kc5 50. Qh5+ Kd6 51. Qeg6+ Ke7 52.
Qhh7+ 1-0